 Dungeon Crawl Stone Soup version 0.19.5 (webtiles) character file.

5864 Shoikan the Basher (level 10, 0/88 HPs)
             Began as a Minotaur Berserker on Mar 17, 2017.
             Was a High Priest of Trog.
             Slain by a minotaur
             ... wielding a +0 rod of shadows (2/12)
              (10 damage)
             ... in a labyrinth.
             The game lasted 01:06:59 (13550 turns).

Shoikan the Basher (Minotaur Berserker)            Turns: 13550, Time: 01:07:00

Health: 0/88       AC: 16    Str: 22    XL:     10   Next: 52%
Magic:  9/9        EV: 10    Int:  4    God:    Trog [*****.]
Gold:   517        SH:  3    Dex: 13    Spells: 0 memorised, 9 levels left

rFire  . . .     SeeInvis .     s - +0 morningstar
rCold  . . .     Gourm    .     N - +1 chain mail {MR+}
rNeg   + . .     Faith    .     (no shield)
rPois  .         Spirit   .     (helmet restricted)
rElec  .         Reflect  +     a - +0 cloak
rCorr  .         Harm     .     d - +1 pair of gloves
MR     +....                    (no boots)
Stlth  ..........               z - +3 amulet of reflection
                                w - ring of positive energy (curse)
                                g - ring of flight

@: no status effects
A: retaliatory headbutt, horns 2
a: Berserk, Trog's Hand, Brothers in Arms, Burn Spellbooks, Renounce Religion,
Evoke Flight


You were in a labyrinth.
You worshipped Trog.
Trog was extremely pleased with you.
You were near starving.

You visited 1 branch of the dungeon, and saw 11 of its levels.
You also visited: Labyrinth.

You collected 517 gold pieces.

Inventory:

Hand Weapons
 m - a +0 flail
 s - a +0 morningstar (weapon)
Armour
 a - a +0 cloak (worn)
 d - a +1 pair of gloves (worn)
 L - a +0 plate armour
 N - a +1 chain mail of magic resistance (worn)
Jewellery
 g - a ring of flight (left hand)
 o - a +1 ring of evasion
 w - a cursed ring of positive energy (right hand)
 z - a +3 amulet of reflection (around neck)
Wands
 r - a wand of iceblast (13/15)
 t - a wand of lightning (7/15)
 v - a wand of acid (4/15)
 C - a wand of slowing (30/48)
 I - a wand of slowing (21/48)
 K - a wand of digging (7/24)
 R - a wand of lightning (0/15)
Scrolls
 h - a scroll of noise {unknown}
 j - 3 scrolls of remove curse
 k - a scroll of random uselessness {unknown}
 n - a scroll of fear {unknown}
 p - a scroll of amnesia
 q - a scroll of enchant armour
 y - 3 scrolls of magic mapping {unknown}
 B - a scroll of holy word {unknown}
 F - a scroll of immolation {unknown}
 M - a scroll of vulnerability {unknown}
 O - a scroll of blinking {unknown}
 S - a scroll of fog
Potions
 b - 4 potions of mutation
 e - 3 potions of flight
 f - 4 potions of curing
 l - a potion of berserk rage
 u - 2 potions of heal wounds {unknown}
 x - a potion of haste {unknown}
 A - a potion of brilliance
 D - a potion of invisibility {unknown}
 E - a potion of agility {unknown}
 G - a potion of might {unknown}
 Q - a potion of resistance {unknown}
Comestibles
 c - 8 bread rations
 i - 5 meat rations
 H - 15 fruits
 J - 7 beef jerkies
 P - 3 royal jellies


   Skills:
 + Level 7.7 Fighting
 * Level 13.5 Maces & Flails
 - Level 5.3 Throwing
 + Level 8.8 Armour
 + Level 4.2 Dodging


You had 9 spell levels left.
You didn't know any spells.

Dungeon Overview and Level Annotations

Branches:
Dungeon (11/15)            Temple (0/1) D:5            Lair (0/6) D:11
    Orc: D:9-12

Altars:
Dithmenos
Elyvilon
Gozag
Nemelex Xobeh
Ru
Sif Muna
Trog
Uskayaw
Xom
Zin
The Shining One

Shops:
D:7 (


Innate Abilities, Weirdness & Mutations

You reflexively headbutt those who attack you in melee.
You have a pair of horns on your head.


Message History

You puncture the minotaur!
The minotaur is almost dead.
The minotaur hits you with a rod of shadows!
The minotaur gores you!
* * * LOW HITPOINT WARNING * * *
The orc misses you. The minotaur barely misses you.
The minotaur gores you but does no damage.
You're too hungry.
You start eating one of the 8 bread rations.
The minotaur hits you but does no damage.
Keep eating?
The minotaur gores you but does no damage.
The orc hits you but does no damage.
The minotaur hits you with a rod of shadows.
* * * LOW HITPOINT WARNING * * *
The minotaur gores you!
* * * LOW HITPOINT WARNING * * *
You continue eating.
The minotaur hits you with a rod of shadows!
You die...

#.# .# # # #.#.#
.# ..#.. #.
######. .#
...... #.#.#
######.###.#.#
#.. ......#.#.#
.# #.#.
#####..#H#o..##
#.......@oos....
#.##.#########..
... ###


You could see a minotaur, an orc warrior, a scorpion and 2 orcs.

Vanquished Creatures
  An unseen horror (D:9)
  A guardian serpent (D:11)
  A hippogriff (D:7)
  A shadow (D:11)
  A hungry ghost (D:9)
  3 orc warriors
  3 ice beasts
  2 phantoms
  A sky beast (D:8)
  6 ogres
  3 centaurs
  A crocodile (D:10)
  5 bullfrogs
  11 killer bees
  A water moccasin skeleton (D:8)
  3 wights (D:7)
  4 spriggan skeletons (D:9)
  4 howler monkeys
  4 crimson imps
  A bullfrog zombie (D:9)
  4 quasits
  A jelly (D:7)
  3 centaur skeletons
  2 hounds
  4 orc priests
  13 orc wizards
  4 iguanas
  7 worker ants
  A hound zombie (D:7)
  A hound skeleton (D:5)
  A worker ant zombie (D:7)
  Robin (D:2)
  8 gnolls
  A howler monkey skeleton (D:7)
  12 adders
  2 shadow imps
  2 adder zombies
  2 worms (D:2)
  A dart slug (D:4)
  4 leopard geckos
  40 orcs
  7 giant cockroaches
  11 goblins
  11 hobgoblins
  31 jackals
  8 kobolds
  3 quokkas
  A ball python (D:5)
  10 bats
  6 frilled lizards
  A leopard gecko skeleton (D:5)
  6 rats
266 creatures vanquished.

Vanquished Creatures (others)
  A wizard (D:6)
1 creature vanquished.

Grand Total: 267 creatures vanquished

Notes
Turn   | Place    | Note
-------+----------+-------------------------------------------
     0 | D:1      | Shoikan the Minotaur Berserker began the quest for the Orb.
     0 | D:1      | Reached XP level 1. HP: 19/19 MP: 0/0
   132 | D:1      | Reached XP level 2. HP: 27/27 MP: 1/1
   432 | D:1      | Reached skill level 4 in Maces & Flails
   778 | D:1      | Reached XP level 3. HP: 33/34 MP: 2/2
  1103 | D:2      | Reached ** piety under Trog
  1147 | D:2      | Reached XP level 4. HP: 28/41 MP: 3/3
  1440 | D:2      | Noticed Robin
  1444 | D:2      | Reached skill level 5 in Maces & Flails
  1455 | D:2      | Killed Robin
  2086 | D:3      | Reached XP level 5. HP: 20/47 MP: 4/4
  2423 | D:3      | Found a faded altar of an unknown god.
  2467 | D:3      | Reached *** piety under Trog
  2648 | D:3      | Found a deep blue altar of Sif Muna.
  2651 | D:3      | Found a hide-covered altar of Uskayaw.
  3136 | D:4      | Noticed an ogre
  3142 | D:4      | HP: 1/47 [ogre/giant spiked club (16)]
  3143 | D:4      | Killed an ogre
  3143 | D:4      | Reached skill level 6 in Maces & Flails
  3143 | D:4      | Reached XP level 6. HP: 1/55 MP: 5/5
  3762 | D:4      | Reached skill level 5 in Fighting
  3980 | D:4      | Reached skill level 7 in Maces & Flails
  4005 | D:4      | Reached XP level 7. HP: 25/61 MP: 6/6
  4550 | D:4      | Reached skill level 8 in Maces & Flails
  4958 | D:5      | Entered Level 5 of the Dungeon
  5030 | D:5      | Found a white marble altar of Elyvilon.
  5066 | D:5      | Found a staircase to the Ecumenical Temple.
  5093 | D:5      | Reached skill level 1 in Throwing
  5093 | D:5      | Reached skill level 5 in Armour
  5378 | D:5      | Reached skill level 9 in Maces & Flails
  5833 | D:5      | Reached **** piety under Trog
  5869 | D:6      | Reached XP level 8. HP: 69/69 MP: 7/7
  6020 | D:6      | Found a sacrificial altar of Ru.
  6060 | D:6      | Found a bloodstained altar of Trog.
  6340 | D:6      | Found a shimmering altar of Xom.
  6423 | D:6      | Found a bloodstained altar of Trog.
  6424 | D:6      | Noticed a wizard
  6429 | D:6      | Killed a wizard
  6685 | D:6      | Found a glowing silver altar of Zin.
  6791 | D:6      | Found a glowing golden altar of the Shining One.
  7012 | D:7      | Reached skill level 10 in Maces & Flails
  7077 | D:7      | Found Huaph's Weapon Emporium.
  7685 | D:7      | Received a gift from Trog
  7747 | D:7      | Reached XP level 9. HP: 75/75 MP: 8/8
  7765 | D:7      | Reached skill level 11 in Maces & Flails
  8079 | D:7      | Received a gift from Trog
  8334 | D:7      | Found a shadowy altar of Dithmenos.
  9180 | D:8      | Found an opulent altar of Gozag.
  9222 | D:8      | Reached skill level 12 in Maces & Flails
 10159 | D:9      | Received a gift from Trog
 10196 | D:9      | Found a sparkling altar of Nemelex Xobeh.
 10277 | D:9      | Reached skill level 5 in Throwing
 10354 | D:9      | Reached XP level 10. HP: 84/84 MP: 9/9
 10450 | D:9      | HP: 2/86 [something (3)]
 11434 | D:9      | Killed an unseen horror
 11795 | D:9      | Reached ***** piety under Trog
 11795 | D:9      | Reached skill level 13 in Maces & Flails
 12017 | D:10     | Entered Level 10 of the Dungeon
 12904 | D:10     | Received a gift from Trog
 13080 | D:11     | Found a staircase to the Lair.
 13171 | D:11     | Noticed a guardian serpent
 13186 | D:11     | Killed a guardian serpent
 13247 | D:11     | Found a labyrinth entrance.
 13257 | Lab      | Entered a labyrinth
 13535 | Lab      | Noticed a minotaur
 13550 | Lab      | Identified a +0 rod of shadows (2/12)
 13550 | Lab      | Slain by a minotaur

Skill      XL: |  1  2  3  4  5  6  7  8  9 10 |
---------------+-------------------------------+-----
Fighting       | 4 5 6 7 |  7.7
Maces & Flails | 4 5 6 7 9 10 12 13 | 13.5
Armour         | 3 4 5 6 7 8 |  8.8
Dodging        | 3 4 |  4.2
Throwing       | 1 3 5 |  5.3

Action                   |  1- 3 |  4- 6 |  7- 9 | 10-12 || total
-------------------------+-------+-------+-------+-------++-------
Melee: Mace              |    61 |    62 |       |       ||   123
       Headbutt          |    15 |    30 |    63 |    32 ||   140
       Flail             |       |    59 |       |       ||    59
       Morningstar       |       |    22 |   352 |   166 ||   540
Throw: Tomahawk          |       |     3 |   147 |    11 ||   161
Invok: Berserk           |       |     1 |       |       ||     1
       Burn Spellbooks   |       |       |       |     1 ||     1
Evoke: Wand              |       |       |       |     3 ||     3
  Use: Scroll            |       |     1 |     3 |     5 ||     9
       Potion            |       |     1 |     3 |     1 ||     5
 Stab: Invisible         |       |       |     1 |       ||     1
       Paralysed         |       |       |     1 |       ||     1
  Eat: Chunk             |     1 |    10 |    16 |     6 ||    33
       Bread ration      |       |       |     1 |     1 ||     2
Armor: Animal skin       |     1 |       |       |       ||     1
       Ring mail         |    28 |    39 |       |       ||    67
       Chain mail        |       |    14 |   167 |   150 ||   331
       Plate armour      |       |       |    43 |       ||    43
Dodge: Dodged            |    63 |   112 |   230 |    77 ||   482
Block: Other             |       |       |    42 |    18 ||    60
       Reflection        |       |       |       |     1 ||     1
